 Dungeon Crawl Stone Soup version 0.18-a0-902-g8738618 (webtiles) character file.

1008 Jmtri7 the Pioneer (level 8, -6/54 HPs)
             Began as a Formicid Artificer on Dec 24, 2015.
             Was an Elder of Pakellas.
             Mangled by an ogre
             ... wielding a +0 giant club
              (10 damage)
             ... on level 7 of the Dungeon.
             The game lasted 00:46:22 (5563 turns).

Jmtri7 the Pioneer (Formicid Artificer)             Turns: 5563, Time: 00:46:22

Health: -6/54      AC: 15    Str: 18    XL:     8   Next: 44%
Magic:  5/5        EV:  5    Int: 12    God:    Pakellas [****..]
Gold:   169        SH:  0    Dex: 15    Spells: 0 memorised, 7 levels left

rFire  . . .     SeeInvis +     g - +3 broad axe of Laceration {antimagic, +Rage rElec rC+ Dex+4}
rCold  + . .     Gourm    .     a - +2 plate armour
rNeg   + . .     Faith    +     (no shield)
rPois  .         Spirit   .     (helmet unavailable)
rElec  +         Dismiss  .     L - +1 cloak
rCorr  .         Reflect  .     G - +0 pair of gloves
SustAt +         Harm     .     (no boots)
MR     .....                    q - amulet of faith
Stlth  ..........               v - ring of sustain attributes
                                k - ring of positive energy

@: not resistant to hostile enchantments, extremely unstealthy
A: permanent stasis, dig shafts and tunnels, four strong arms, antennae 3
a: Dig, Shaft Self, Quick Charge, Device Surge, Renounce Religion


You were on level 7 of the Dungeon.
You worshipped Pakellas.
Pakellas was greatly pleased with you.
You were not hungry.

You visited 1 branch of the dungeon, and saw 7 of its levels.

You collected 251 gold pieces.
You spent 82 gold pieces at shops.

Inventory:

Hand Weapons
 g - the +3 broad axe of Laceration (weapon) {antimagic, +Rage rElec rC+ Dex+4}
   (You found it on level 5 of the Dungeon)

   It disrupts the flow of magical energy around spellcasters and certain
   magical creatures (including the wielder).
   It affects your dexterity (+4).
   It protects you from cold.
   It insulates you from electricity.
   It lets you go berserk.
 o - a +2 flail of crushing
 D - a +2 dagger of venom
 K - a +3 quarterstaff of chaos
 Q - a +2 falchion of flaming
 R - a +2 mace of protection
Missiles
 x - 49 arrows
 y - 43 poisoned needles
 z - 17 bolts
 C - a throwing net (quivered)
 I - 2 javelins
 N - 10 arrows of flame
Armour
 a - a +2 plate armour (worn)
 A - a +0 leather armour of cold resistance
 G - a +0 pair of gloves (worn)
 H - a +0 helmet
 L - a +1 cloak (worn)
Rods
 T - a +2 rod of the swarm (10/10)
   (Pakellas gifted it to you on level 4 of the Dungeon)
Jewellery
 k - a ring of positive energy (left hand)
 q - an amulet of faith (around neck)
 v - a ring of sustain attributes (right hand)
Wands
 c - a wand of flame (0/48)
 d - a wand of enslavement (0/24)
 e - a wand of random effects (10/48)
 j - a wand of cold (0/15)
 m - a wand of draining (3/15)
 F - a wand of random effects (38/48)
 U - a wand of polymorph (13/24)
Scrolls
 b - 2 scrolls of remove curse
 s - a scroll of enchant weapon
 u - 5 scrolls of teleportation
 B - a scroll of random uselessness {unknown}
 P - a scroll of immolation {unknown}
 V - a scroll of summoning {unknown}
 W - a scroll of recharging {unknown}
Potions
 h - a potion of agility
 i - a potion of magic
 l - a potion of brilliance
 t - 4 potions of curing
 w - a potion of haste {unknown}
 E - 2 potions of ambrosia
 J - 2 potions of heal wounds {unknown}
 S - a potion of mutation {unknown}
Books
 f - a book of Hinderance

   Spells                             Type                      Level
   a - Confusing Touch                Hexes                        2
   b - Confuse                        Hexes                        3
   c - Gell's Gravitas                Hexes/Translocation          3
   d - Petrify                        Transmutation/Earth          4
   e - Metabolic Englaciation         Hexes/Ice                    5
   f - Yara's Violent Unravelling     Hexes/Transmutation          5
 n - a book of Minor Magic

   Spells                             Type                      Level
   a - Magic Dart                     Conjuration                  1
   b - Blink                          Translocation                2
   c - Call Imp                       Summoning                    2
   d - Repel Missiles                 Charms/Air                   2
   e - Slow                           Hexes                        2
   f - Conjure Flame                  Conjuration/Fire             3
   g - Mephitic Cloud                 Conjuration/Poison/Air       3
Comestibles
 p - 3 fruits
 r - 5 bread rations
 M - a slice of pizza


   Skills:
 - Level 1.3 Fighting
 - Level 1.0 Short Blades
 - Level 1.7 Dodging
 - Level 1.2 Stealth
 + Level 10.5 Evocations


You had 7 spell levels left.
You didn't know any spells.

Dungeon Overview and Level Annotations

Branches:
Dungeon (6/15)
 Temple: D:4-7

Altars:
Gozag
Nemelex Xobeh
Okawaru
Pakellas
Qazlal

Shops:
D:5 ?


Innate Abilities, Weirdness & Mutations

You are under a permanent stasis effect.
You can dig through walls and to a lower floor.
Your four strong arms can wield two-handed weapons with a shield.
You have a pair of large antennae on your head (SInv).


Message History

Zapping:
d - a wand of enslavement (2/24)
Press: ? - help, Shift-Dir - straight line, f - ogre
Aim: an ogre, wielding a giant club (chance to defeat MR: 67%)
The ogre is charmed.
This wand has 1 charge left.
You start resting.
The ogre is no longer charmed.
The ogre hits you with a giant club!
Zapping:
d - a wand of enslavement (1/24)
Press: ? - help, Shift-Dir - straight line, f/p - ogre
Aim: an ogre, wielding a giant club (chance to defeat MR: 67%)
The ogre struggles to resist.
This wand has 0 charges left.
The ogre hits you with a giant club!
* * * LOW HITPOINT WARNING * * *
Zapping:
m - a wand of draining (4/15)
Press: ? - help, Shift-Dir - straight line, f/p - ogre
Aim: an ogre, wielding a giant club The bolt of negative energy hits the ogre.
The ogre is drained!
The ogre is severely wounded.
This wand has 3 charges left.
The ogre hits you with a giant club!
You die...

### ##...## #.
##.###.###.########## ##.#
##...#.##............### #.##
##....†###.###.####.....# #..#
#..........# #.# #.###.###.#.
##.....#######.# #.# #......#
##...#.## ##<## #.# #.###.##
##.###.###..# #.....# ##.#
#.####...#@# ####### #.. #####
#...######O# ##..
#...#####.######.######## ##.#.
#.#.....[...............#####.###
#...##.).....#######.........## #
##.###.......# #.##.######
.#.###.......### #.##.#
................# #.##.#
.#.###........... #.##.#{


You could see an ogre.

Vanquished Creatures
  A sky beast (D:5)
  A big kobold (D:7)
  A scorpion (D:4)
  2 jellies (D:5)
  3 wights (D:7)
  2 crimson imps
  A giant frog skeleton (D:4)
  Crazy Yiuf (D:2)
  2 orc priests (D:3)
  3 hounds
  2 orc wizards
  3 worker ants
  A hound skeleton (D:4)
  9 adders
  4 worms
  2 giant geckos
  18 orcs
  A ball python (D:1)
  8 bats
  3 giant cockroaches
  6 hobgoblins
  A quokka (D:3)
  5 giant newts
  14 goblins
  9 kobolds
  8 rats
111 creatures vanquished.

Vanquished Creatures (collateral kills)
  An ooze (D:4)
  2 orcs (D:4)
  2 hobgoblins (D:2)
  A bat (D:2)
  A kobold (D:2)
7 creatures vanquished.

Vanquished Creatures (others)
  Robin (D:2)
  The ghost of Jmtri7 the Magician, a weakling FoWz (D:4)
2 creatures vanquished.

Grand Total: 120 creatures vanquished

Notes
Turn   | Place    | Note
--------------------------------------------------------------
     0 | D:1      | Jmtri7 the Formicid Artificer began the quest for the Orb.
     0 | D:1      | Reached XP level 1. HP: 15/15 MP: 3/3
     8 | D:1      | You fall through a shaft!
    11 | D:2      | You fall through a shaft for 2 floors!
    11 | D:4      | Found an oddly glowing altar of Pakellas.
    13 | D:4      | Noticed Jmtri7's ghost (weakling FoWz)
    17 | D:4      | Noticed a giant frog skeleton
    21 | D:4      | Became a worshipper of Pakellas the Inventive
    23 | D:4      | Your ally Jmtri7 died
    43 | D:4      | You fall through a shaft for 2 floors!
    97 | D:5      | Entered Level 5 of the Dungeon
    99 | D:5      | Found a stormy altar of Qazlal.
   101 | D:5      | Noticed an earth elemental
   101 | D:5      | Noticed an air elemental
   102 | D:5      | Noticed a water elemental
   102 | D:5      | Noticed a fire elemental
   271 | D:5      | Reached skill level 4 in Evocations
   271 | D:5      | Reached XP level 2. HP: 21/21 MP: 5/5
   295 | D:5      | Found a sparkling altar of Nemelex Xobeh.
   314 | D:5      | Got a transparent broad axe
   315 | D:5      | Identified the +3 broad axe of Laceration {antimagic, +Rage rElec rC+ Dex+4} (You found it on level 5 of the Dungeon)
   440 | D:4      | Reached XP level 3. HP: 21/26 MP: 2/6
   978 | D:4      | Reached skill level 5 in Evocations
   978 | D:4      | Reached XP level 4. HP: 30/32 MP: 2/7
  1074 | D:4      | Reached skill level 6 in Evocations
  1074 | D:4      | Reached XP level 5. HP: 24/37 MP: 3/9
  1616 | D:4      | Reached XP level 6. HP: 43/43 MP: 3/11
  1774 | D:3      | Reached * piety under Pakellas
  1774 | D:3      | Reached skill level 7 in Evocations
  2006 | D:2      | Found an opulent altar of Gozag.
  2550 | D:1      | Reached ** piety under Pakellas
  2550 | D:1      | Received a gift from Pakellas
  2913 | D:2      | Noticed Robin
  2948 | D:2      | Your ally died
  2994 | D:2      | Found an iron altar of Okawaru.
  3145 | D:2      | Noticed Crazy Yiuf
  3150 | D:2      | Killed Crazy Yiuf
  3226 | D:2      | Reached XP level 7. HP: 48/48 MP: 4/12
  3466 | D:3      | Reached *** piety under Pakellas
  3508 | D:3      | Reached skill level 8 in Evocations
  4381 | D:4      | Reached **** piety under Pakellas
  4381 | D:4      | Received a gift from Pakellas
  4650 | D:5      | Reached skill level 9 in Evocations
  4834 | D:5      | Found Tepteit's Magic Scroll Emporium.
  4842 | D:5      | Bought a scroll of enchant armour for 82 gold pieces
  4942 | D:5      | Reached XP level 8. HP: 36/54 MP: 5/15
  5072 | D:5      | You fall through a shaft for 2 floors!
  5328 | D:7      | Reached skill level 10 in Evocations
  5563 | D:7      | Mangled by an ogre

Vault maps used:
D:1:      minmay_arrival_shattered_statue
D:2:      old_standard_altar, kennysheep_okawaru_gauntlet, grunt_ministairs_11,
          uniq_crazy_yiuf_cottage, uniq_robin
D:4:      first_bread, serial_glass, glass_columns_a, glass_columns_a,
          glass_columns_a, glass_columns_c, glass_columns_a, glass_columns_a,
          grunt_pakellas_basics
D:5:      basic_altar, serial_shops, shop, nicolae_qazlal_style_of_elements
D:6:      minmay_temple_entry_enclosed_plants, gup_sewer_entry_pipe
D:7:      minmay_klotski

Action                   |  1- 3 |  4- 6 |  7- 9 || total
-------------------------+-------+-------+-------++-------
Melee: Broad axe         |    11 |   181 |   171 ||   363
Invok: Quick Charge      |       |     1 |     1 ||     2
 Abil: Dig               |     3 |     4 |     4 ||    11
       Shaft Self        |     3 |       |       ||     3
Evoke: Wand              |    27 |    14 |     7 ||    48
  Use: Scroll            |     1 |     9 |     4 ||    14
  Eat: Bread ration      |       |     1 |       ||     1
       Meat ration       |       |     1 |     2 ||     3
       Beef jerky        |       |       |     1 ||     1
